Workbook

Sheet БДДС
A1: БДДС — план и факт по неделям
A2: Жёлтые ячейки — ввод, остальное считают формулы. Пустая ячейка факта = считаем по плану. В строках остатка колонка «Факт» — это факт, а где факта ещё нет — прогноз от фактического остатка.
A4: Понедельник первой недели | B4: 46279
A5: Деньги на счетах на старте, ₽ | B5: 1190000
A6: Неснижаемый остаток, ₽ | B6: 300000
A7: Сводка
A8: Минимальный остаток (факт + прогноз), ₽ | B8: =MIN($B$36:$AK$36) -> -159240
A9: Неделя минимума (с понедельника) | B9: =INDEX($B$14:$AK$14,MATCH(B8,$B$36:$AK$36,0)-1) -> 46314
A10: Первая неделя с минусом на счёте | B10: =IFERROR(INDEX($B$14:$AK$14,MATCH("разрыв",$B$35:$AK$35,0)-1),"нет") -> 46314
A11: Первая неделя ниже неснижаемого | B11: =IFERROR(INDEX($B$14:$AK$14,MIN(IFERROR(MATCH("разрыв",$B$35:$AK$35,0),999),IFERROR(MATCH("ниже неснижаемого",$B$35:$AK$35,0),999))-1),"нет") -> 46314
A13: Статья, ₽ | B13: Нед. 1 | E13: Нед. 2 | H13: Нед. 3 | K13: Нед. 4 | N13: Нед. 5 | Q13: Нед. 6 | T13: Нед. 7 | W13: Нед. 8 | Z13: Нед. 9 | AC13: Нед. 10 | AF13: Нед. 11 | AI13: Нед. 12
B14: =$B$4+0 -> 46279 | E14: =$B$4+7 -> 46286 | H14: =$B$4+14 -> 46293 | K14: =$B$4+21 -> 46300 | N14: =$B$4+28 -> 46307 | Q14: =$B$4+35 -> 46314 | T14: =$B$4+42 -> 46321 | W14: =$B$4+49 -> 46328 | Z14: =$B$4+56 -> 46335 | AC14: =$B$4+63 -> 46342 | AF14: =$B$4+70 -> 46349 | AI14: =$B$4+77 -> 46356
B15: План | C15: Факт | D15: Откл. | E15: План | F15: Факт | G15: Откл. | H15: План | I15: Факт | J15: Откл. | K15: План | L15: Факт | M15: Откл. | N15: План | O15: Факт | P15: Откл. | Q15: План | R15: Факт | S15: Откл. | T15: План | U15: Факт | V15: Откл. | W15: План | X15: Факт | Y15: Откл. | Z15: План | AA15: Факт | AB15: Откл. | AC15: План | AD15: Факт | AE15: Откл. | AF15: План | AG15: Факт | AH15: Откл. | AI15: План | AJ15: Факт | AK15: Откл.
A16: Остаток на начало | B16: =$B$5 -> 1190000 | C16: =$B$5 -> 1190000 | D16: =C16-B16 -> 0 | E16: =B34 -> 1165000 | F16: =C34 -> 1063460 | G16: =F16-E16 -> -101540 | H16: =E34 -> 1725000 | I16: =F34 -> 1671560 | J16: =I16-H16 -> -53440 | K16: =H34 -> 1840000 | L16: =I34 -> 1653320 | M16: =L16-K16 -> -186680 | N16: =K34 -> 2345000 | O16: =L34 -> 2030760 | P16: =O16-N16 -> -314240 | Q16: =N34 -> 2370000 | R16: =O34 -> 2055760 | S16: =R16-Q16 -> -314240 | T16: =Q34 -> 155000 | U16: =R34 -> -159240 | V16: =U16-T16 -> -314240 | W16: =T34 -> 190000 | X16: =U34 -> -124240 | Y16: =X16-W16 -> -314240 | Z16: =W34 -> 575000 | AA16: =X34 -> 260760 | AB16: =AA16-Z16 -> -314240 | AC16: =Z34 -> 575000 | AD16: =AA34 -> 260760 | AE16: =AD16-AC16 -> -314240 | AF16: =AC34 -> 1185000 | AG16: =AD34 -> 870760 | AH16: =AG16-AF16 -> -314240 | AI16: =AF34 -> 1440000 | AJ16: =AG34 -> 1125760 | AK16: =AJ16-AI16 -> -314240
A17: ПРИХОДЫ | B17: =SUM(B18:B22) -> 1080000 | C17: =IF(COUNT(C18:C22,C24:C32)=0,"",SUM(C18:C22)+SUMPRODUCT((C18:C22="")*B18:B22)) -> 1012460 | D17: =IF(C17="","",C17-B17) -> -67540 | E17: =SUM(E18:E22) -> 1120000 | F17: =IF(COUNT(F18:F22,F24:F32)=0,"",SUM(F18:F22)+SUMPRODUCT((F18:F22="")*E18:E22)) -> 1186300 | G17: =IF(F17="","",F17-E17) -> 66300 | H17: =SUM(H18:H22) -> 1120000 | I17: =IF(COUNT(I18:I22,I24:I32)=0,"",SUM(I18:I22)+SUMPRODUCT((I18:I22="")*H18:H22)) -> 1028210 | J17: =IF(I17="","",I17-H17) -> -91790 | K17: =SUM(K18:K22) -> 1010000 | L17: =IF(COUNT(L18:L22,L24:L32)=0,"",SUM(L18:L22)+SUMPRODUCT((L18:L22="")*K18:K22)) -> 960940 | M17: =IF(L17="","",L17-K17) -> -49060 | N17: =SUM(N18:N22) -> 980000 | O17: =IF(COUNT(O18:O22,O24:O32)=0,"",SUM(O18:O22)+SUMPRODUCT((O18:O22="")*N18:N22)) | P17: =IF(O17="","",O17-N17) | Q17: =SUM(Q18:Q22) -> 940000 | R17: =IF(COUNT(R18:R22,R24:R32)=0,"",SUM(R18:R22)+SUMPRODUCT((R18:R22="")*Q18:Q22)) | S17: =IF(R17="","",R17-Q17) | T17: =SUM(T18:T22) -> 920000 | U17: =IF(COUNT(U18:U22,U24:U32)=0,"",SUM(U18:U22)+SUMPRODUCT((U18:U22="")*T18:T22)) | V17: =IF(U17="","",U17-T17) | W17: =SUM(W18:W22) -> 960000 | X17: =IF(COUNT(X18:X22,X24:X32)=0,"",SUM(X18:X22)+SUMPRODUCT((X18:X22="")*W18:W22)) | Y17: =IF(X17="","",X17-W17) | Z17: =SUM(Z18:Z22) -> 1080000 | AA17: =IF(COUNT(AA18:AA22,AA24:AA32)=0,"",SUM(AA18:AA22)+SUMPRODUCT((AA18:AA22="")*Z18:Z22)) | AB17: =IF(AA17="","",AA17-Z17) | AC17: =SUM(AC18:AC22) -> 1200000 | AD17: =IF(COUNT(AD18:AD22,AD24:AD32)=0,"",SUM(AD18:AD22)+SUMPRODUCT((AD18:AD22="")*AC18:AC22)) | AE17: =IF(AD17="","",AD17-AC17) | AF17: =SUM(AF18:AF22) -> 1280000 | AG17: =IF(COUNT(AG18:AG22,AG24:AG32)=0,"",SUM(AG18:AG22)+SUMPRODUCT((AG18:AG22="")*AF18:AF22)) | AH17: =IF(AG17="","",AG17-AF17) | AI17: =SUM(AI18:AI22) -> 1320000 | AJ17: =IF(COUNT(AJ18:AJ22,AJ24:AJ32)=0,"",SUM(AJ18:AJ22)+SUMPRODUCT((AJ18:AJ22="")*AI18:AI22)) | AK17: =IF(AJ17="","",AJ17-AI17)
A18: Выплаты маркетплейса | B18: 1080000 | C18: 1012460 | D18: =IF(C18="","",C18-B18) -> -67540 | E18: 1120000 | F18: 1186300 | G18: =IF(F18="","",F18-E18) -> 66300 | H18: 1060000 | I18: 968210 | J18: =IF(I18="","",I18-H18) -> -91790 | K18: 1010000 | L18: 960940 | M18: =IF(L18="","",L18-K18) -> -49060 | N18: 980000 | P18: =IF(O18="","",O18-N18) | Q18: 940000 | S18: =IF(R18="","",R18-Q18) | T18: 920000 | V18: =IF(U18="","",U18-T18) | W18: 960000 | Y18: =IF(X18="","",X18-W18) | Z18: 1080000 | AB18: =IF(AA18="","",AA18-Z18) | AC18: 1200000 | AE18: =IF(AD18="","",AD18-AC18) | AF18: 1280000 | AH18: =IF(AG18="","",AG18-AF18) | AI18: 1320000 | AK18: =IF(AJ18="","",AJ18-AI18)
A19: Займы / инвестиции | D19: =IF(C19="","",C19-B19) | G19: =IF(F19="","",F19-E19) | J19: =IF(I19="","",I19-H19) | M19: =IF(L19="","",L19-K19) | P19: =IF(O19="","",O19-N19) | S19: =IF(R19="","",R19-Q19) | V19: =IF(U19="","",U19-T19) | Y19: =IF(X19="","",X19-W19) | AB19: =IF(AA19="","",AA19-Z19) | AE19: =IF(AD19="","",AD19-AC19) | AH19: =IF(AG19="","",AG19-AF19) | AK19: =IF(AJ19="","",AJ19-AI19)
A20: Прочие поступления | D20: =IF(C20="","",C20-B20) | G20: =IF(F20="","",F20-E20) | H20: 60000 | I20: 60000 | J20: =IF(I20="","",I20-H20) -> 0 | M20: =IF(L20="","",L20-K20) | P20: =IF(O20="","",O20-N20) | S20: =IF(R20="","",R20-Q20) | V20: =IF(U20="","",U20-T20) | Y20: =IF(X20="","",X20-W20) | AB20: =IF(AA20="","",AA20-Z20) | AE20: =IF(AD20="","",AD20-AC20) | AH20: =IF(AG20="","",AG20-AF20) | AK20: =IF(AJ20="","",AJ20-AI20)
D21: =IF(C21="","",C21-B21) | G21: =IF(F21="","",F21-E21) | J21: =IF(I21="","",I21-H21) | M21: =IF(L21="","",L21-K21) | P21: =IF(O21="","",O21-N21) | S21: =IF(R21="","",R21-Q21) | V21: =IF(U21="","",U21-T21) | Y21: =IF(X21="","",X21-W21) | AB21: =IF(AA21="","",AA21-Z21) | AE21: =IF(AD21="","",AD21-AC21) | AH21: =IF(AG21="","",AG21-AF21) | AK21: =IF(AJ21="","",AJ21-AI21)
D22: =IF(C22="","",C22-B22) | G22: =IF(F22="","",F22-E22) | J22: =IF(I22="","",I22-H22) | M22: =IF(L22="","",L22-K22) | P22: =IF(O22="","",O22-N22) | S22: =IF(R22="","",R22-Q22) | V22: =IF(U22="","",U22-T22) | Y22: =IF(X22="","",X22-W22) | AB22: =IF(AA22="","",AA22-Z22) | AE22: =IF(AD22="","",AD22-AC22) | AH22: =IF(AG22="","",AG22-AF22) | AK22: =IF(AJ22="","",AJ22-AI22)
A23: РАСХОДЫ | B23: =SUM(B24:B32) -> 1105000 | C23: =IF(COUNT(C18:C22,C24:C32)=0,"",SUM(C24:C32)+SUMPRODUCT((C24:C32="")*B24:B32)) -> 1139000 | D23: =IF(C23="","",C23-B23) -> 34000 | E23: =SUM(E24:E32) -> 560000 | F23: =IF(COUNT(F18:F22,F24:F32)=0,"",SUM(F24:F32)+SUMPRODUCT((F24:F32="")*E24:E32)) -> 578200 | G23: =IF(F23="","",F23-E23) -> 18200 | H23: =SUM(H24:H32) -> 1005000 | I23: =IF(COUNT(I18:I22,I24:I32)=0,"",SUM(I24:I32)+SUMPRODUCT((I24:I32="")*H24:H32)) -> 1046450 | J23: =IF(I23="","",I23-H23) -> 41450 | K23: =SUM(K24:K32) -> 505000 | L23: =IF(COUNT(L18:L22,L24:L32)=0,"",SUM(L24:L32)+SUMPRODUCT((L24:L32="")*K24:K32)) -> 583500 | M23: =IF(L23="","",L23-K23) -> 78500 | N23: =SUM(N24:N32) -> 955000 | O23: =IF(COUNT(O18:O22,O24:O32)=0,"",SUM(O24:O32)+SUMPRODUCT((O24:O32="")*N24:N32)) | P23: =IF(O23="","",O23-N23) | Q23: =SUM(Q24:Q32) -> 3155000 | R23: =IF(COUNT(R18:R22,R24:R32)=0,"",SUM(R24:R32)+SUMPRODUCT((R24:R32="")*Q24:Q32)) | S23: =IF(R23="","",R23-Q23) | T23: =SUM(T24:T32) -> 885000 | U23: =IF(COUNT(U18:U22,U24:U32)=0,"",SUM(U24:U32)+SUMPRODUCT((U24:U32="")*T24:T32)) | V23: =IF(U23="","",U23-T23) | W23: =SUM(W24:W32) -> 575000 | X23: =IF(COUNT(X18:X22,X24:X32)=0,"",SUM(X24:X32)+SUMPRODUCT((X24:X32="")*W24:W32)) | Y23: =IF(X23="","",X23-W23) | Z23: =SUM(Z24:Z32) -> 1080000 | AA23: =IF(COUNT(AA18:AA22,AA24:AA32)=0,"",SUM(AA24:AA32)+SUMPRODUCT((AA24:AA32="")*Z24:Z32)) | AB23: =IF(AA23="","",AA23-Z23) | AC23: =SUM(AC24:AC32) -> 590000 | AD23: =IF(COUNT(AD18:AD22,AD24:AD32)=0,"",SUM(AD24:AD32)+SUMPRODUCT((AD24:AD32="")*AC24:AC32)) | AE23: =IF(AD23="","",AD23-AC23) | AF23: =SUM(AF24:AF32) -> 1025000 | AG23: =IF(COUNT(AG18:AG22,AG24:AG32)=0,"",SUM(AG24:AG32)+SUMPRODUCT((AG24:AG32="")*AF24:AF32)) | AH23: =IF(AG23="","",AG23-AF23) | AI23: =SUM(AI24:AI32) -> 540000 | AJ23: =IF(COUNT(AJ18:AJ22,AJ24:AJ32)=0,"",SUM(AJ24:AJ32)+SUMPRODUCT((AJ24:AJ32="")*AI24:AI32)) | AK23: =IF(AJ23="","",AJ23-AI23)
A24: Оплата поставщику | B24: 520000 | C24: 520000 | D24: =IF(C24="","",C24-B24) -> 0 | G24: =IF(F24="","",F24-E24) | H24: 450000 | I24: 467800 | J24: =IF(I24="","",I24-H24) -> 17800 | M24: =IF(L24="","",L24-K24) | N24: 380000 | P24: =IF(O24="","",O24-N24) | Q24: 2600000 | S24: =IF(R24="","",R24-Q24) | V24: =IF(U24="","",U24-T24) | Y24: =IF(X24="","",X24-W24) | Z24: 480000 | AB24: =IF(AA24="","",AA24-Z24) | AE24: =IF(AD24="","",AD24-AC24) | AF24: 450000 | AH24: =IF(AG24="","",AG24-AF24) | AK24: =IF(AJ24="","",AJ24-AI24)
A25: Логистика и фулфилмент | B25: 175000 | C25: 195600 | D25: =IF(C25="","",C25-B25) -> 20600 | E25: 165000 | F25: 171300 | G25: =IF(F25="","",F25-E25) -> 6300 | H25: 180000 | I25: 207450 | J25: =IF(I25="","",I25-H25) -> 27450 | K25: 170000 | L25: 186200 | M25: =IF(L25="","",L25-K25) -> 16200 | N25: 165000 | P25: =IF(O25="","",O25-N25) | Q25: 160000 | S25: =IF(R25="","",R25-Q25) | T25: 150000 | V25: =IF(U25="","",U25-T25) | W25: 420000 | Y25: =IF(X25="","",X25-W25) | Z25: 190000 | AB25: =IF(AA25="","",AA25-Z25) | AC25: 195000 | AE25: =IF(AD25="","",AD25-AC25) | AF25: 200000 | AH25: =IF(AG25="","",AG25-AF25) | AI25: 205000 | AK25: =IF(AJ25="","",AJ25-AI25)
A26: Реклама вне МП | D26: =IF(C26="","",C26-B26) | E26: 120000 | F26: 120000 | G26: =IF(F26="","",F26-E26) -> 0 | J26: =IF(I26="","",I26-H26) | K26: 120000 | L26: 165000 | M26: =IF(L26="","",L26-K26) -> 45000 | P26: =IF(O26="","",O26-N26) | Q26: 120000 | S26: =IF(R26="","",R26-Q26) | V26: =IF(U26="","",U26-T26) | W26: 120000 | Y26: =IF(X26="","",X26-W26) | AB26: =IF(AA26="","",AA26-Z26) | AC26: 120000 | AE26: =IF(AD26="","",AD26-AC26) | AH26: =IF(AG26="","",AG26-AF26) | AI26: 120000 | AK26: =IF(AJ26="","",AJ26-AI26)
A27: Зарплата | B27: 260000 | C27: 260000 | D27: =IF(C27="","",C27-B27) -> 0 | G27: =IF(F27="","",F27-E27) | H27: 340000 | I27: 340000 | J27: =IF(I27="","",I27-H27) -> 0 | M27: =IF(L27="","",L27-K27) | N27: 260000 | P27: =IF(O27="","",O27-N27) | S27: =IF(R27="","",R27-Q27) | T27: 340000 | V27: =IF(U27="","",U27-T27) | Y27: =IF(X27="","",X27-W27) | Z27: 260000 | AB27: =IF(AA27="","",AA27-Z27) | AE27: =IF(AD27="","",AD27-AC27) | AF27: 340000 | AH27: =IF(AG27="","",AG27-AF27) | AK27: =IF(AJ27="","",AJ27-AI27)
A28: Налоги | D28: =IF(C28="","",C28-B28) | G28: =IF(F28="","",F28-E28) | J28: =IF(I28="","",I28-H28) | K28: 180000 | L28: 180000 | M28: =IF(L28="","",L28-K28) -> 0 | P28: =IF(O28="","",O28-N28) | S28: =IF(R28="","",R28-Q28) | T28: 360000 | V28: =IF(U28="","",U28-T28) | Y28: =IF(X28="","",X28-W28) | AB28: =IF(AA28="","",AA28-Z28) | AE28: =IF(AD28="","",AD28-AC28) | AH28: =IF(AG28="","",AG28-AF28) | AI28: 180000 | AK28: =IF(AJ28="","",AJ28-AI28)
A29: Проценты и тело кредитов | D29: =IF(C29="","",C29-B29) | E29: 240000 | F29: 240000 | G29: =IF(F29="","",F29-E29) -> 0 | J29: =IF(I29="","",I29-H29) | M29: =IF(L29="","",L29-K29) | P29: =IF(O29="","",O29-N29) | Q29: 240000 | S29: =IF(R29="","",R29-Q29) | V29: =IF(U29="","",U29-T29) | Y29: =IF(X29="","",X29-W29) | AB29: =IF(AA29="","",AA29-Z29) | AC29: 240000 | AE29: =IF(AD29="","",AD29-AC29) | AH29: =IF(AG29="","",AG29-AF29) | AK29: =IF(AJ29="","",AJ29-AI29)
A30: Прочие расходы | B30: 150000 | C30: 163400 | D30: =IF(C30="","",C30-B30) -> 13400 | E30: 35000 | F30: 46900 | G30: =IF(F30="","",F30-E30) -> 11900 | H30: 35000 | I30: 31200 | J30: =IF(I30="","",I30-H30) -> -3800 | K30: 35000 | L30: 52300 | M30: =IF(L30="","",L30-K30) -> 17300 | N30: 150000 | P30: =IF(O30="","",O30-N30) | Q30: 35000 | S30: =IF(R30="","",R30-Q30) | T30: 35000 | V30: =IF(U30="","",U30-T30) | W30: 35000 | Y30: =IF(X30="","",X30-W30) | Z30: 150000 | AB30: =IF(AA30="","",AA30-Z30) | AC30: 35000 | AE30: =IF(AD30="","",AD30-AC30) | AF30: 35000 | AH30: =IF(AG30="","",AG30-AF30) | AI30: 35000 | AK30: =IF(AJ30="","",AJ30-AI30)
D31: =IF(C31="","",C31-B31) | G31: =IF(F31="","",F31-E31) | J31: =IF(I31="","",I31-H31) | M31: =IF(L31="","",L31-K31) | P31: =IF(O31="","",O31-N31) | S31: =IF(R31="","",R31-Q31) | V31: =IF(U31="","",U31-T31) | Y31: =IF(X31="","",X31-W31) | AB31: =IF(AA31="","",AA31-Z31) | AE31: =IF(AD31="","",AD31-AC31) | AH31: =IF(AG31="","",AG31-AF31) | AK31: =IF(AJ31="","",AJ31-AI31)
D32: =IF(C32="","",C32-B32) | G32: =IF(F32="","",F32-E32) | J32: =IF(I32="","",I32-H32) | M32: =IF(L32="","",L32-K32) | P32: =IF(O32="","",O32-N32) | S32: =IF(R32="","",R32-Q32) | V32: =IF(U32="","",U32-T32) | Y32: =IF(X32="","",X32-W32) | AB32: =IF(AA32="","",AA32-Z32) | AE32: =IF(AD32="","",AD32-AC32) | AH32: =IF(AG32="","",AG32-AF32) | AK32: =IF(AJ32="","",AJ32-AI32)
A33: Чистый поток (приходы − расходы) | B33: =B17-B23 -> -25000 | C33: =IF(C17="","",C17-C23) -> -126540 | D33: =IF(C33="","",C33-B33) -> -101540 | E33: =E17-E23 -> 560000 | F33: =IF(F17="","",F17-F23) -> 608100 | G33: =IF(F33="","",F33-E33) -> 48100 | H33: =H17-H23 -> 115000 | I33: =IF(I17="","",I17-I23) -> -18240 | J33: =IF(I33="","",I33-H33) -> -133240 | K33: =K17-K23 -> 505000 | L33: =IF(L17="","",L17-L23) -> 377440 | M33: =IF(L33="","",L33-K33) -> -127560 | N33: =N17-N23 -> 25000 | O33: =IF(O17="","",O17-O23) | P33: =IF(O33="","",O33-N33) | Q33: =Q17-Q23 -> -2215000 | R33: =IF(R17="","",R17-R23) | S33: =IF(R33="","",R33-Q33) | T33: =T17-T23 -> 35000 | U33: =IF(U17="","",U17-U23) | V33: =IF(U33="","",U33-T33) | W33: =W17-W23 -> 385000 | X33: =IF(X17="","",X17-X23) | Y33: =IF(X33="","",X33-W33) | Z33: =Z17-Z23 -> 0 | AA33: =IF(AA17="","",AA17-AA23) | AB33: =IF(AA33="","",AA33-Z33) | AC33: =AC17-AC23 -> 610000 | AD33: =IF(AD17="","",AD17-AD23) | AE33: =IF(AD33="","",AD33-AC33) | AF33: =AF17-AF23 -> 255000 | AG33: =IF(AG17="","",AG17-AG23) | AH33: =IF(AG33="","",AG33-AF33) | AI33: =AI17-AI23 -> 780000 | AJ33: =IF(AJ17="","",AJ17-AJ23) | AK33: =IF(AJ33="","",AJ33-AI33)
A34: Остаток на конец (факт, дальше — прогноз) | B34: =B16+B33 -> 1165000 | C34: =C16+IF(C33="",B33,C33) -> 1063460 | D34: =C34-B34 -> -101540 | E34: =E16+E33 -> 1725000 | F34: =F16+IF(F33="",E33,F33) -> 1671560 | G34: =F34-E34 -> -53440 | H34: =H16+H33 -> 1840000 | I34: =I16+IF(I33="",H33,I33) -> 1653320 | J34: =I34-H34 -> -186680 | K34: =K16+K33 -> 2345000 | L34: =L16+IF(L33="",K33,L33) -> 2030760 | M34: =L34-K34 -> -314240 | N34: =N16+N33 -> 2370000 | O34: =O16+IF(O33="",N33,O33) -> 2055760 | P34: =O34-N34 -> -314240 | Q34: =Q16+Q33 -> 155000 | R34: =R16+IF(R33="",Q33,R33) -> -159240 | S34: =R34-Q34 -> -314240 | T34: =T16+T33 -> 190000 | U34: =U16+IF(U33="",T33,U33) -> -124240 | V34: =U34-T34 -> -314240 | W34: =W16+W33 -> 575000 | X34: =X16+IF(X33="",W33,X33) -> 260760 | Y34: =X34-W34 -> -314240 | Z34: =Z16+Z33 -> 575000 | AA34: =AA16+IF(AA33="",Z33,AA33) -> 260760 | AB34: =AA34-Z34 -> -314240 | AC34: =AC16+AC33 -> 1185000 | AD34: =AD16+IF(AD33="",AC33,AD33) -> 870760 | AE34: =AD34-AC34 -> -314240 | AF34: =AF16+AF33 -> 1440000 | AG34: =AG16+IF(AG33="",AF33,AG33) -> 1125760 | AH34: =AG34-AF34 -> -314240 | AI34: =AI16+AI33 -> 2220000 | AJ34: =AJ16+IF(AJ33="",AI33,AJ33) -> 1905760 | AK34: =AJ34-AI34 -> -314240
A35: Статус недели | C35: =IF(C34<0,"разрыв",IF(C34<$B$6,"ниже неснижаемого",IF(C33="","прогноз","факт"))) -> факт | F35: =IF(F34<0,"разрыв",IF(F34<$B$6,"ниже неснижаемого",IF(F33="","прогноз","факт"))) -> факт | I35: =IF(I34<0,"разрыв",IF(I34<$B$6,"ниже неснижаемого",IF(I33="","прогноз","факт"))) -> факт | L35: =IF(L34<0,"разрыв",IF(L34<$B$6,"ниже неснижаемого",IF(L33="","прогноз","факт"))) -> факт | O35: =IF(O34<0,"разрыв",IF(O34<$B$6,"ниже неснижаемого",IF(O33="","прогноз","факт"))) -> прогноз | R35: =IF(R34<0,"разрыв",IF(R34<$B$6,"ниже неснижаемого",IF(R33="","прогноз","факт"))) -> разрыв | U35: =IF(U34<0,"разрыв",IF(U34<$B$6,"ниже неснижаемого",IF(U33="","прогноз","факт"))) -> разрыв | X35: =IF(X34<0,"разрыв",IF(X34<$B$6,"ниже неснижаемого",IF(X33="","прогноз","факт"))) -> ниже неснижаемого | AA35: =IF(AA34<0,"разрыв",IF(AA34<$B$6,"ниже неснижаемого",IF(AA33="","прогноз","факт"))) -> ниже неснижаемого | AD35: =IF(AD34<0,"разрыв",IF(AD34<$B$6,"ниже неснижаемого",IF(AD33="","прогноз","факт"))) -> прогноз | AG35: =IF(AG34<0,"разрыв",IF(AG34<$B$6,"ниже неснижаемого",IF(AG33="","прогноз","факт"))) -> прогноз | AJ35: =IF(AJ34<0,"разрыв",IF(AJ34<$B$6,"ниже неснижаемого",IF(AJ33="","прогноз","факт"))) -> прогноз
A36: Служебная строка для сводки — не удалять | C36: =C34 -> 1063460 | F36: =F34 -> 1671560 | I36: =I34 -> 1653320 | L36: =L34 -> 2030760 | O36: =O34 -> 2055760 | R36: =R34 -> -159240 | U36: =U34 -> -124240 | X36: =X34 -> 260760 | AA36: =AA34 -> 260760 | AD36: =AD34 -> 870760 | AG36: =AG34 -> 1125760 | AJ36: =AJ34 -> 1905760

Sheet Остаток по неделям
A1: Неделя | B1: С | C1: По | D1: Остаток — исходный план | E1: Остаток — факт / прогноз | F1: Статус | G1: Минус (1/0) | H1: Ниже неснижаемого (1/0) | I1: Неснижаемый остаток
A2: 1 | B2: =БДДС!$B$4+0 -> 46279 | C2: =B2+6 -> 46285 | D2: =БДДС!B34 -> 1165000 | E2: =БДДС!C34 -> 1063460 | F2: =IF(E2<0,"разрыв",IF(E2<БДДС!$B$6,"ниже неснижаемого","")) | G2: =IF(E2<0,1,0) -> 0 | H2: =IF(E2<БДДС!$B$6,1,0) -> 0 | I2: =БДДС!$B$6 -> 300000
A3: 2 | B3: =БДДС!$B$4+7 -> 46286 | C3: =B3+6 -> 46292 | D3: =БДДС!E34 -> 1725000 | E3: =БДДС!F34 -> 1671560 | F3: =IF(E3<0,"разрыв",IF(E3<БДДС!$B$6,"ниже неснижаемого","")) | G3: =IF(E3<0,1,0) -> 0 | H3: =IF(E3<БДДС!$B$6,1,0) -> 0 | I3: =БДДС!$B$6 -> 300000
A4: 3 | B4: =БДДС!$B$4+14 -> 46293 | C4: =B4+6 -> 46299 | D4: =БДДС!H34 -> 1840000 | E4: =БДДС!I34 -> 1653320 | F4: =IF(E4<0,"разрыв",IF(E4<БДДС!$B$6,"ниже неснижаемого","")) | G4: =IF(E4<0,1,0) -> 0 | H4: =IF(E4<БДДС!$B$6,1,0) -> 0 | I4: =БДДС!$B$6 -> 300000
A5: 4 | B5: =БДДС!$B$4+21 -> 46300 | C5: =B5+6 -> 46306 | D5: =БДДС!K34 -> 2345000 | E5: =БДДС!L34 -> 2030760 | F5: =IF(E5<0,"разрыв",IF(E5<БДДС!$B$6,"ниже неснижаемого","")) | G5: =IF(E5<0,1,0) -> 0 | H5: =IF(E5<БДДС!$B$6,1,0) -> 0 | I5: =БДДС!$B$6 -> 300000
A6: 5 | B6: =БДДС!$B$4+28 -> 46307 | C6: =B6+6 -> 46313 | D6: =БДДС!N34 -> 2370000 | E6: =БДДС!O34 -> 2055760 | F6: =IF(E6<0,"разрыв",IF(E6<БДДС!$B$6,"ниже неснижаемого","")) | G6: =IF(E6<0,1,0) -> 0 | H6: =IF(E6<БДДС!$B$6,1,0) -> 0 | I6: =БДДС!$B$6 -> 300000
A7: 6 | B7: =БДДС!$B$4+35 -> 46314 | C7: =B7+6 -> 46320 | D7: =БДДС!Q34 -> 155000 | E7: =БДДС!R34 -> -159240 | F7: =IF(E7<0,"разрыв",IF(E7<БДДС!$B$6,"ниже неснижаемого","")) -> разрыв | G7: =IF(E7<0,1,0) -> 1 | H7: =IF(E7<БДДС!$B$6,1,0) -> 1 | I7: =БДДС!$B$6 -> 300000
A8: 7 | B8: =БДДС!$B$4+42 -> 46321 | C8: =B8+6 -> 46327 | D8: =БДДС!T34 -> 190000 | E8: =БДДС!U34 -> -124240 | F8: =IF(E8<0,"разрыв",IF(E8<БДДС!$B$6,"ниже неснижаемого","")) -> разрыв | G8: =IF(E8<0,1,0) -> 1 | H8: =IF(E8<БДДС!$B$6,1,0) -> 1 | I8: =БДДС!$B$6 -> 300000
A9: 8 | B9: =БДДС!$B$4+49 -> 46328 | C9: =B9+6 -> 46334 | D9: =БДДС!W34 -> 575000 | E9: =БДДС!X34 -> 260760 | F9: =IF(E9<0,"разрыв",IF(E9<БДДС!$B$6,"ниже неснижаемого","")) -> ниже неснижаемого | G9: =IF(E9<0,1,0) -> 0 | H9: =IF(E9<БДДС!$B$6,1,0) -> 1 | I9: =БДДС!$B$6 -> 300000
A10: 9 | B10: =БДДС!$B$4+56 -> 46335 | C10: =B10+6 -> 46341 | D10: =БДДС!Z34 -> 575000 | E10: =БДДС!AA34 -> 260760 | F10: =IF(E10<0,"разрыв",IF(E10<БДДС!$B$6,"ниже неснижаемого","")) -> ниже неснижаемого | G10: =IF(E10<0,1,0) -> 0 | H10: =IF(E10<БДДС!$B$6,1,0) -> 1 | I10: =БДДС!$B$6 -> 300000
A11: 10 | B11: =БДДС!$B$4+63 -> 46342 | C11: =B11+6 -> 46348 | D11: =БДДС!AC34 -> 1185000 | E11: =БДДС!AD34 -> 870760 | F11: =IF(E11<0,"разрыв",IF(E11<БДДС!$B$6,"ниже неснижаемого","")) | G11: =IF(E11<0,1,0) -> 0 | H11: =IF(E11<БДДС!$B$6,1,0) -> 0 | I11: =БДДС!$B$6 -> 300000
A12: 11 | B12: =БДДС!$B$4+70 -> 46349 | C12: =B12+6 -> 46355 | D12: =БДДС!AF34 -> 1440000 | E12: =БДДС!AG34 -> 1125760 | F12: =IF(E12<0,"разрыв",IF(E12<БДДС!$B$6,"ниже неснижаемого","")) | G12: =IF(E12<0,1,0) -> 0 | H12: =IF(E12<БДДС!$B$6,1,0) -> 0 | I12: =БДДС!$B$6 -> 300000
A13: 12 | B13: =БДДС!$B$4+77 -> 46356 | C13: =B13+6 -> 46362 | D13: =БДДС!AI34 -> 2220000 | E13: =БДДС!AJ34 -> 1905760 | F13: =IF(E13<0,"разрыв",IF(E13<БДДС!$B$6,"ниже неснижаемого","")) | G13: =IF(E13<0,1,0) -> 0 | H13: =IF(E13<БДДС!$B$6,1,0) -> 0 | I13: =БДДС!$B$6 -> 300000

Sheet Как пользоваться
A1: БДДС — бюджет движения денежных средств
A2: Сколько денег придёт и уйдёт по неделям — и сколько останется на счёте в конце каждой недели.
A4: Ритуал понедельника
A5: 1. Внести факт прошлой недели по банковской выписке. Фактический остаток на конец недели должен совпасть с банком до рубля.
A6: 2. Посмотреть отклонения (колонка «Откл.»): где жизнь разошлась с планом и почему.
A7: 3. Продлить план на 8–12 недель вперёд: выплаты маркетплейса, закупки, налоги, платежи по кредитам.
A8: 4. Проверить остаток. Если впереди разрыв — решать сейчас: сдвинуть оплату, договориться об отсрочке, взять заём заранее.
A10: Правила таблицы
A11: • Вводите только в жёлтые ячейки. Пустая ячейка факта = считаем по плану.
A12: • Выплаты маркетплейса планируйте по дате прихода денег, а не по дате продажи.
A13: • Своя статья — в свободную жёлтую строку группы. Новые строки вставляйте ВНУТРИ группы (выше свободных), тогда итоги их подхватят.
A14: • Остаток на конец краснеет при минусе и желтеет ниже неснижаемого остатка (ячейка B6 на листе «БДДС»).
... A17: • Цифры в примере условные — замените своими.
